 Dungeon Crawl Stone Soup version 0.23.2 (webtiles) character file.

Game seed: 6836453353766422773

3703 Fang the Fighter (level 10, -1/65 HPs)
             Began as a Gargoyle Berserker on Apr 12, 2019.
             Was a High Priest of Trog.
             Slain by a two-headed ogre
             ... wielding a +0 dire flail
              (3 damage)
             ... on level 8 of the Dungeon.
             The game lasted 00:08:45 (7509 turns).

Fang the Fighter (Gargoyle Berserker)               Turns: 7509, Time: 00:08:46

Health: -1/65      AC: 19    Str: 23    XL:     10   Next: 14%
Magic:  10/10      EV: 10    Int:  9    God:    Trog [*****.]
Gold:   427        SH:  0    Dex:  9    Spells: 9/9 levels left

rFire    + . .     SeeInvis .   a - +0 war axe (flame)
rCold    x . .     Gourm    .   (no shield)
rNeg     + . .     Faith    .   b - +1 chain mail
rPois    ∞         Spirit   .   (no helmet)
rElec    +         Reflect  .   (no cloak)
rCorr    .         Harm     .   (no gloves)
MR       .....                  (no boots)
Stlth    ..........             (no amulet)
HPRegen  0.20/turn              q - ring of fire
MPRegen  0.12/turn              (no ring)

@: no status effects
A: negative energy resistance 1, electricity resistance, unbreathing,
petrification resistance, rot immunity, AC +7
a: Berserk, Trog's Hand, Brothers in Arms, Renounce Religion


You were on level 8 of the Dungeon.
You worshipped Trog.
Trog was extremely pleased with you.
You were not hungry.

You visited 1 branch of the dungeon, and saw 8 of its levels.
You also visited: Ossuary.

You collected 427 gold pieces.

Inventory:

Hand Weapons
 a - a +0 war axe of flaming (weapon)
Armour
 b - a +1 chain mail (worn)
Jewellery
 q - a ring of fire (left hand)
Wands
 v - a wand of acid (6)
Scrolls
 f - a scroll of remove curse
 j - 3 scrolls of enchant armour
 k - 2 scrolls of teleportation
 n - a scroll of fog
Potions
 d - a potion of heal wounds {unknown}
 e - 7 potions of curing
 g - a potion of cancellation {unknown}
 h - a potion of mutation {unknown}
 i - 2 potions of might
 l - 2 potions of invisibility {unknown}
 m - a potion of flight {unknown}
 o - 3 potions of agility {unknown}
 p - a potion of haste {unknown}
Comestibles
 c - 21 rations


   Skills:
 + Level 8.5 Fighting
 + Level 7.1 Axes
 + Level 8.0 Armour
 + Level 6.2 Dodging


You had 9 spell levels left.
You didn't know any spells.
Your spell library was empty.

Dungeon Overview and Level Annotations

Branches:
Dungeon (8/15)             Temple (0/1) D:4
   Lair: D:8-11

Altars:


Innate Abilities, Weirdness & Mutations

You are resistant to torment.
Your stone body is resilient. (AC +7)
You are immune to poison.
You resist negative energy. (rN+)
You are resistant to electric shocks. (rElec)
You can survive without breathing.
You are immune to petrification.
You are immune to rotting.


Message History

You kill the crimson imp!
Trog accepts your kill.
You swing at nothing.
You hit the two-headed ogre. You burn the two-headed ogre.
The two-headed ogre is lightly wounded.
The two-headed ogre hits you with a +0 dire flail!
* * * LOW HITPOINT WARNING * * *
The two-headed ogre hits you with a +0 giant club.
* * * LOW HITPOINT WARNING * * *
You slash the two-headed ogre! You burn the two-headed ogre.
The two-headed ogre is moderately wounded.
The two-headed ogre hits you with a +0 dire flail!
* * * LOW HITPOINT WARNING * * *
The two-headed ogre closely misses you.
You hit the two-headed ogre. You burn the two-headed ogre.
The two-headed ogre is moderately wounded.
The two-headed ogre hits you with a +0 dire flail.
* * * LOW HITPOINT WARNING * * *
The two-headed ogre hits you with a +0 giant club.
You die...

.# .# .# ### .# ..
.# ###.##########.#
..........)†O.#.##..
#..# #....)@......#
#..###.#####.###.#.
#............#
##.###.#####.# #.#
#.# .# #.# #.# .#
#######.###.# ##
............#
####....#####


You could see a two-headed ogre.

Vanquished Creatures
  The ghost of Fang the Skirmisher, a novice GrBe of Trog (D:6)
  The ghost of bronco the Chopper, an amateur MiMo of the Shining One (D:3)
  Menkaure (D:7)
  An orc warrior (D:6)
  A sky beast (D:6)
  5 ogres
  4 phantoms
  2 ice beasts (D:6)
  2 centaurs (D:6)
  4 bullfrogs
  2 scorpions
  A howler monkey (D:7)
  A jelly (D:5)
  3 crimson imps
  2 bullfrog zombies
  2 centaur zombies (Ossuary)
  2 hounds (D:8)
  4 orc priests
  3 human zombies (Ossuary)
  A gnoll shaman (D:8)
  3 bullfrog skeletons
  2 iguanas
  Terence (D:2)
  5 orc wizards
  5 worker ants
  A killer bee zombie (D:6)
  A big kobold zombie (Ossuary)
  A hound zombie (D:6)
  3 mummies (Ossuary)
  Robin (D:2)
  9 adders
  5 gnolls (D:8)
  A hound simulacrum (D:3)
  A shadow imp (D:8)
  3 oozes
  4 worms
  An adder skeleton (D:6)
  5 dart slugs
  An adder simulacrum (D:3)
  2 leopard geckos
  28 orcs
  3 giant cockroaches
  16 goblins
  15 hobgoblins
  6 jackals
  7 kobolds
  2 quokkas
  2 ball pythons (D:1)
  A ball python simulacrum (D:3)
  8 bats
  2 frilled lizards
  A hobgoblin zombie (Ossuary)
  A kobold zombie (Ossuary)
  A leopard gecko simulacrum (D:3)
  A quokka skeleton (D:4)
  A quokka zombie (D:6)
  10 rats
203 creatures vanquished.

Notes
Turn   | Place    | Note
-------+----------+-------------------------------------------
     0 | D:1      | Fang the Gargoyle Berserker began the quest for the Orb.
     0 | D:1      | Reached XP level 1. HP: 14/14 MP: 1/1
    29 | D:1      | Reached XP level 2. HP: 17/19 MP: 2/2
   156 | D:1      | Reached XP level 3. HP: 13/24 MP: 3/3
   308 | D:1      | Reached ** piety under Trog
   782 | D:2      | Reached XP level 4. HP: 19/29 MP: 4/4
  1027 | D:2      | Noticed Robin
  1048 | D:2      | Killed Robin
  1329 | D:2      | Reached XP level 5. HP: 33/33 MP: 5/5
  1363 | D:2      | Noticed Terence
  1419 | D:2      | Killed Terence
  1837 | D:3      | Reached *** piety under Trog
  2036 | D:3      | Noticed bronco's ghost (amateur MiMo)
  2082 | D:3      | Reached XP level 6. HP: 29/39 MP: 6/6
  2191 | D:3      | Found a runed translucent gate.
  2194 | D:3      | Found a runed translucent gate.
  2195 | D:3      | Found a runed translucent gate.
  2637 | D:3      | Killed bronco's ghost
  2796 | D:4      | Reached skill level 5 in Fighting
  2861 | D:4      | Reached XP level 7. HP: 21/44 MP: 7/7
  3261 | D:4      | Found a staircase to the Ecumenical Temple.
  3350 | D:4      | Reached **** piety under Trog
  3350 | D:4      | Reached skill level 5 in Armour
  3796 | D:5      | Entered Level 5 of the Dungeon
  4035 | D:5      | Reached XP level 8. HP: 48/51 MP: 8/8
  4554 | D:5      | Reached skill level 5 in Axes
  4679 | D:6      | Found a sand-covered staircase.
  4792 | Ossuary  | Entered an ossuary
  5296 | D:6      | Noticed Fang's ghost (novice GrBe)
  5316 | D:6      | Identified the +11 great mace "Genixun" {venom, *Rage Str+3
                  | Dex+3}
  5358 | D:6      | Found a transporter.
  5358 | D:6      | Found a transporter.
  5416 | D:6      | Reached XP level 9. HP: 40/56 MP: 9/9
  5425 | D:6      | Reached ***** piety under Trog
  5426 | D:6      | Reached skill level 5 in Dodging
  6309 | D:6      | Killed Fang's ghost
  6816 | D:7      | Received a gift from Trog
  6992 | D:7      | Noticed Menkaure
  6995 | D:7      | Killed Menkaure
  6995 | D:7      | Reached XP level 10. HP: 64/64 MP: 10/10
  7501 | D:8      | Noticed a two-headed ogre
  7509 | D:8      | HP: 2/65 [two-headed ogre/+0 dire flail (3)]
  7509 | D:8      | Slain by a two-headed ogre

Skill      XL: |  1  2  3  4  5  6  7  8  9 10 |
---------------+-------------------------------+-----
Axes           | 3 4 5 6 7 |  7.1
Dodging        | 2 3 4 6 |  6.2
Armour         | 3 4 5 6 7 8 |  8.0
Fighting       | 4 5 6 8 |  8.5

Action                   |  1- 3 |  4- 6 |  7- 9 | 10-12 || total
-------------------------+-------+-------+-------+-------++-------
Melee: Hand axe          |    98 |   301 |   140 |       ||   539
       War axe           |       |       |   329 |    55 ||   384
Invok: Berserk           |       |     3 |     4 |       ||     7
  Use: Scroll            |       |       |    11 |       ||    11
  Eat: Chunk             |       |    10 |    17 |     2 ||    29
Armor: Animal skin       |    24 |       |       |       ||    24
       Chain mail        |    29 |   187 |   333 |    42 ||   591
Dodge: Dodged            |    79 |   128 |   220 |    41 ||   468
